Map: Fields of Death

Players

Tenonee

  • Race: Zerg Zerg
  • League: Diamond

Darwin

  • Race: Zerg Zerg
  • League: Platinum

acslayer - Winner!

  • Race: Terran Terran
  • League: Master

UrineTrouble - Winner!

  • Race: Protoss Protoss
  • League: Platinum

VOD

Have the link to the VOD?

Description

Time

  • Played on: July 29, 2016, 8:29 a.m.
  • Length: 13:08
Show
View Real Time Build Order
Export as new Build Order

Tenonee Zerg 

Build Orders: Hatch First 

Get SALT Encoding   

  12  0:02  Drone  
  13  0:09  Drone  
  14  0:17  Overlord  
  14  0:26  Extractor  
  14  0:28  Extractor  
  12  0:29  Drone x2  
  16  0:38  Drone  
  17  0:46  Drone  
  18  1:00  Hatchery  
  17  1:06  Drone  
  17  1:09  Extractor  
  17  1:28  Spawning Pool, Drone x2  
  18  1:42  Drone x2  
  20  1:52  Overlord  
  20  2:08  Drone  
  21  2:16  Metabolic Boost  
  21  2:17  Queen x2  
  25  2:33  Drone x2  
  25  2:34  Drone  
  28  2:37  Extractor  
  27  2:50  Drone x3  
  27  2:51  Drone x2  
  33  3:04  Queen x2  
  36  3:13  Overlord  
  36  3:15  Roach Warren  
  36  3:18  Overlord  
  35  3:29  Overlord  
  35  3:31  Drone x2  
  35  3:32  Drone  
  38  3:35  Zergling x6  
  41  3:48  Queen  
  41  3:49  Roach Warren  
  39  3:58  Zergling x12  
  43  4:06  Spine Crawler  
  35  4:15  Spine Crawler  
  25  4:32  Roach  
  25  4:33  Roach x2  
  26  5:05  Spawning Pool  
  26  5:06  Roach x4  
  33  5:25  Drone x4  
  37  5:38  Drone x2  
  39  5:56  Drone x5  
  39  5:57  Drone x3  
  47  6:09  Extractor  
  46  6:13  Drone x2  
  48  6:28  Drone x3  
  48  6:29  Drone x4  
  48  6:30  Drone  
  56  6:35  Evolution Chamber  
  56  6:38  Ravager x2  
  57  6:43  Zergling x2  
  58  6:55  Spore Crawler  
  58  6:56  Spore Crawler  
  58  6:57  Lair  
  56  7:01  Extractor  
  56  7:02  Extractor  
  56  7:03  Drone x3  
  56  7:04  Drone x3  
  56  7:08  Overlord x3  
  60  7:20  Zerg Ground Armor Level 1  
  60  7:40  Drone x4  
  60  7:41  Drone  
  64  8:08  Roach x3  
  64  8:09  Roach x6  
  82  8:14  Overlord  
  82  8:16  Hatchery  
  81  8:24  Overlord x2  
  81  8:27  Glial Reconstitution  
  81  8:46  Roach x10  
  81  8:47  Roach  
  103  8:53  Hydralisk Den  
  89  9:09  Roach x4  
  96  9:10  Roach  
  92  9:23  Roach x3  
  98  9:28  Queen  
  98  9:31  Ravager x4  
  103  9:32  Ravager  
  103  9:34  Overlord x3  
  105  9:42  Overlord x2  
  100  9:56  Roach x6  
  100  9:57  Roach x2  
  116  10:08  Drone  
  116  10:09  Drone x3  
  110  10:16  Extractor  
  110  10:17  Extractor  
  99  10:44  Muscular Augments  
  99  10:47  Roach  
  99  10:48  Roach x12  
  102  11:23  Hydralisk  
  102  11:24  Hydralisk x4, Roach x3  
  102  11:25  Roach x3  
  98  11:35  Spore Crawler  
  71  11:54  Hydralisk x3, Roach  
  71  11:55  Hydralisk, Roach x4  
  81  12:14  Hydralisk  
  81  12:15  Hydralisk, Roach x4  
  79  12:16  Roach  
  75  12:33  Hydralisk, Roach x3  
  75  12:34  Roach  
Show
View Real Time Build Order
Export as new Build Order

Darwin Zerg 

Build Orders: Hatch First 

Get SALT Encoding   

  12  0:03  Drone  
  13  0:12  Overlord  
  13  0:17  Drone  
  14  0:32  Drone x2  
  16  0:36  Drone  
  17  0:47  Drone  
  18  0:58  Drone  
  19  1:10  Hatchery  
  18  1:15  Spawning Pool  
  18  1:17  Extractor  
  18  1:18  Drone  
  17  1:25  Drone  
  18  1:36  Drone  
  19  1:42  Overlord  
  19  1:58  Drone  
  20  2:09  Drone  
  20  2:10  Queen  
  23  2:17  Hatchery  
  22  2:26  Metabolic Boost  
  24  2:49  Queen  
  25  2:51  Drone x2  
  25  2:55  Queen  
  25  2:56  Drone x4  
  32  3:10  Drone x2  
  34  3:20  Drone  
  34  3:21  Drone  
  34  3:23  Overlord  
  36  3:32  Queen  
  38  3:38  Zergling x4  
  38  3:39  Zergling x6  
  42  3:49  Spine Crawler x2  
  39  4:03  Zergling x18  
  42  4:18  Zergling x2  
  39  4:28  Zergling x12  
  40  4:35  Spine Crawler  
  40  4:36  Spine Crawler  
  35  4:45  Zergling x2  
  35  4:46  Zergling x4  
  36  4:59  Zergling x2  
  36  5:12  Zergling x2  
  36  5:13  Zergling x18  
  41  5:27  Zergling x2  
  41  5:28  Zergling x6  
  41  5:40  Zergling x2  
  41  5:41  Zergling x2  
  42  6:04  Queen  
  42  6:06  Queen  
  30  6:18  Zergling x2  
  30  6:19  Zergling x16  
  39  6:40  Spore Crawler  
  38  6:48  Spore Crawler  
  37  7:12  Zergling x2  
  36  7:27  Zergling x16  
  43  7:36  Overlord x2  
  43  7:37  Overlord  
  43  7:46  Overlord  
  43  7:47  Overlord x2  
  43  7:55  Drone  
  43  7:56  Drone  
  45  8:04  Zergling x2  
  45  8:05  Zergling x10  
  47  8:22  Zergling x8  
  34  9:02  Zergling x12  
  40  9:17  Extractor  
  40  9:19  Hatchery  
  40  9:20  Extractor, Lair  
  40  9:21  Extractor  
  40  9:23  Zergling x10  
  41  9:40  Zergling x8  
  41  9:44  Drone  
  41  9:45  Drone x2  
  45  9:55  Zergling x4  
  47  10:03  Zergling x2  
  47  10:04  Zergling x2  
  33  10:34  Zergling x8  
  33  10:35  Zergling x8  
  39  10:52  Spire  
  39  10:54  Drone x3  
  39  10:55  Drone x3  
  42  11:24  Zergling x2  
  42  11:25  Zergling x24  
  55  11:35  Evolution Chamber  
  55  11:38  Evolution Chamber  
  50  12:01  Zergling x20  
  51  12:02  Zergling x6  
  60  12:14  Mutalisk  
  60  12:15  Mutalisk x6  
  59  12:33  Mutalisk x2, Zergling x2  
Show
View Real Time Build Order
Export as new Build Order

acslayer Terran - Winner!

Build Orders: MMM Bio 

Get SALT Encoding   

  12  0:00  SCV  
  13  0:12  SCV  
  14  0:19  Supply Depot  
  14  0:25  SCV  
  15  0:40  SCV  
  15  0:42  Barracks  
  16  0:48  Refinery  
  16  0:53  SCV  
  17  1:01  Barracks  
  17  1:05  SCV  
  18  1:17  Barracks  
  18  1:24  Supply Depot  
  18  1:41  SCV  
  19  1:56  Orbital Command  
  19  1:58  Reaper  
  19  1:59  Refinery  
  20  2:26  SCV  
  20  2:27  Reaper  
  22  2:32  Supply Depot x2, Reaper  
  23  2:45  Reaper  
  23  2:48  SCV  
  25  3:03  SCV  
  26  3:08  Command Center  
  26  3:11  Reaper  
  26  3:12  Reaper  
  28  3:15  SCV  
  28  3:17  Supply Depot  
  29  3:23  Reaper  
  30  3:27  SCV  
  31  3:43  Reaper  
  31  3:44  Reaper  
  33  3:55  Reaper  
  31  4:15  Reaper  
  31  4:17  Reaper  
  33  4:27  Reaper  
  34  4:37  Orbital Command, SCV  
  35  4:40  Supply Depot  
  34  4:47  Reaper  
  34  4:49  Reaper  
  36  4:57  Refinery x2  
  36  4:59  Reaper  
  37  5:08  SCV  
  37  5:09  SCV  
  37  5:14  Barracks  
  39  5:15  Command Center  
  41  5:23  Barracks  
  41  5:26  SCV  
  41  5:27  SCV  
  41  5:45  Barracks Tech Lab  
  41  5:46  Barracks Tech Lab  
  41  5:47  Barracks Reactor  
  41  5:48  SCV  
  41  5:49  Barracks, SCV  
  43  5:50  Barracks  
  42  6:01  SCV  
  40  6:20  Concussive Shells, Marauder  
  40  6:21  Marauder  
  40  6:22  Barracks Tech Lab, Stimpack  
  40  6:25  Marine x2  
  44  6:26  SCV x2  
  44  6:27  Factory  
  48  6:37  Engineering Bay  
  48  6:38  Barracks Tech Lab x2  
  48  6:40  Engineering Bay  
  48  6:45  Marauder x2  
  48  6:47  Combat Shields, Marauder  
  54  6:48  Marine x2  
  54  6:52  SCV  
  57  6:54  SCV  
  58  7:04  SCV  
  58  7:05  Marine  
  58  7:06  Terran Infantry Armor Level 1, Terran Infantry Weapons Level 1, SCV  
  61  7:16  SCV  
  61  7:18  SCV  
  63  7:31  Factory Tech Lab, Marine x2  
  63  7:32  Marauder x2  
  63  7:34  Starport  
  63  7:35  Starport  
  69  7:37  SCV x2  
  69  7:40  Armory  
  69  7:42  Orbital Command  
  63  7:59  Marauder x2  
  63  8:01  Marauder x2  
  63  8:02  Siege Tank  
  63  8:03  SCV  
  63  8:04  SCV  
  76  8:16  Starport Reactor  
  76  8:20  Factory  
  76  8:21  SCV x2  
  76  8:22  SCV  
  79  8:29  Barracks Reactor  
  79  8:33  SCV x2  
  81  8:34  Siege Tank  
  81  8:35  SCV  
  81  8:37  Medivac x2  
  89  8:44  Refinery  
  89  8:45  SCV x2  
  89  8:46  Marauder  
  89  8:47  Refinery  
  93  8:54  Supply Depot x2  
  93  9:00  Supply Depot x2  
  93  9:01  Supply Depot  
  93  9:06  Factory Tech Lab  
  93  9:14  Terran Infantry Weapons Level 2, Terran Infantry Armor Level 2  
  93  9:16  Marauder x2, Medivac x2, SCV x2  
  103  9:21  SCV  
  104  9:28  Siege Tank, SCV x2  
  104  9:31  Siege Tank  
  112  9:33  SCV  
  113  9:40  SCV x2  
  83  9:45  Medivac x2  
  115  9:47  Medivac  
  115  9:48  Marine x3  
  115  9:51  SCV  
  115  9:52  SCV  
  126  9:58  Command Center  
  126  10:05  Siege Tank x2  
  126  10:07  SCV x2  
  133  10:09  SCV  
  135  10:29  Viking x2  
  135  10:31  Supply Depot  
  135  10:32  Supply Depot  
  135  10:33  Supply Depot x3, Viking  
  141  10:37  Viking  
  143  10:50  Thor  
  143  10:54  Thor  
  155  11:03  Terran Vehicle Weapons Level 1  
  155  11:05  Viking x2  
  159  11:22  Marine x2  
  159  11:23  Marine x2, Marauder x3  
  160  11:40  Marine x2  
  160  11:41  Marine, Marauder  
  160  11:44  Marine x2  
  160  11:45  Marine  
  167  11:58  Marine x3  
  170  12:02  Marine x4  
  170  12:14  Orbital Command  
  164  12:16  Marine x3  
  164  12:19  Marine x2  
  164  12:20  Marine, Marauder  
  172  12:22  Medivac  
  172  12:23  Medivac  
  176  12:34  Marine x2  
  176  12:35  Marauder  
  180  12:37  Marine  
  180  12:38  Marine, Marauder  
  180  12:41  Marine  
Show
View Real Time Build Order
Export as new Build Order

UrineTrouble Protoss - Winner!

Build Orders:  

Get SALT Encoding   

  12  0:01  Probe (Chrono Boost)  
  13  0:12  Probe (Chrono Boost)  
  14  0:22  Probe (Chrono Boost)  
  14  0:28  Pylon  
  15  0:39  Pylon  
  15  0:46  Probe (Chrono Boost)  
  16  1:00  Gateway x2  
  16  1:08  Gateway  
  16  1:18  Gateway  
  16  1:24  Probe (Chrono Boost)  
  17  1:34  Probe (Chrono Boost), Assimilator  
  18  1:51  Zealot x2  
  22  2:09  Zealot x2  
  26  2:31  Zealot x2  
  26  2:37  Pylon x2  
  30  2:51  Cybernetics Core  
  30  2:55  Zealot x2  
  34  3:03  Zealot  
  36  3:07  Zealot  
  38  3:23  Zealot x2  
  42  3:28  Warp Gate  
  42  3:30  Probe (Chrono Boost)  
  43  3:37  Zealot  
  45  3:45  Zealot  
  47  4:07  Zealot  
  47  4:10  Pylon  
  47  4:14  Assimilator  
  47  4:22  Twilight Council  
  47  4:28  Probe (Chrono Boost), Zealot  
  38  5:05  Blink  
  36  5:09  Probe (Chrono Boost)  
  35  5:19  Probe (Chrono Boost)  
  36  5:30  Probe (Chrono Boost)  
  37  5:40  Probe (Chrono Boost)  
  38  5:45  Nexus  
  36  5:51  Probe (Chrono Boost)  
  25  6:05  Pylon  
  26  6:13  Probe (Chrono Boost)  
  26  6:21  Gateway x2  
  26  6:22  Gateway  
  26  6:25  Probe (Chrono Boost)  
  27  6:26  Pylon  
  27  6:32  Pylon  
  27  6:37  Probe (Chrono Boost)  
  28  6:49  Probe (Chrono Boost)  
  28  6:50  Stalker x2  
  33  6:54  Stalker  
  33  6:59  Probe (Chrono Boost)  
  37  7:01  Probe (Chrono Boost)  
  37  7:09  Stalker  
  37  7:13  Probe (Chrono Boost)  
  40  7:18  Mothership Core (Chrono Boost)  
  42  7:36  Probe (Chrono Boost), Pylon  
  43  7:40  Stalker  
  43  7:41  Stalker  
  47  7:44  Stalker  
  47  7:47  Probe (Chrono Boost)  
  47  7:49  Stalker  
  52  7:57  Probe (Chrono Boost)  
  53  7:58  Stalker  
  53  7:59  Stalker  
  57  8:07  Stalker  
  57  8:08  Probe (Chrono Boost)  
  57  8:12  Stalker  
  62  8:14  Stalker  
  62  8:19  Probe (Chrono Boost)  
  55  8:36  Stalker  
  55  8:37  Stalker x4  
  59  8:47  Stalker  
  59  8:48  Stalker  
  61  9:17  Stalker x6  
  71  9:25  Stalker  
  71  9:28  Probe (Chrono Boost)  
  71  9:29  Probe (Chrono Boost)  
  75  9:32  Assimilator  
  75  9:37  Assimilator  
  76  9:38  Probe (Chrono Boost)  
  76  9:41  Probe (Chrono Boost)  
  76  9:53  Probe (Chrono Boost)  
  76  9:56  Stalker x3  
  76  9:58  Zealot x3  
  86  10:00  Zealot  
  86  10:03  Probe (Chrono Boost)  
  81  10:19  Stalker  
  81  10:20  Zealot x2  
  73  10:21  Zealot  
  53  10:48  Zealot x3  
  42  11:41  Probe (Chrono Boost)  
  42  11:42  Pylon  
  42  11:44  Pylon  
  43  11:52  Probe (Chrono Boost)  
  43  11:53  Nexus  
  44  12:01  Robotics Facility x2  
  44  12:03  Robotics Facility  
  44  12:07  Robotics Facility  
  44  12:21  Probe (Chrono Boost)  
  44  12:22  Probe (Chrono Boost)  
  46  12:31  Probe (Chrono Boost)  
  46  12:34  Probe (Chrono Boost)  
  48  12:40  Pylon  
  48  12:49  Nexus  
  48  12:50  Probe (Chrono Boost)  
  50  12:51  Probe (Chrono Boost)  
  50  13:04  Robotics Bay  
Tags
 
Add a new tag
Caveats
  • Supply blocks, unpowered buildings, or Contaminate may cause inaccurate times.
  • Supply counts are checked every 10 seconds.